 Dungeon Crawl Stone Soup version 0.27.1-33-g824d729ab1 (webtiles) character file.

Game seed: 16059299961078182968

10052 jlumianski the Cleaver (level 11, -3/71 HPs)
             Began as a Gargoyle Monk on Dec 10, 2021.
             Was an Elder of Wu Jian.
             Slain by an orc knight (15 damage)
             ... on level 10 of the Dungeon.
             The game lasted 01:03:18 (9667 turns).

jlumianski the Cleaver (Gargoyle Monk)              Turns: 9667, Time: 01:03:18

Health: -3/71      AC: 17    Str: 18    XL:     11   Next: 56%
Magic:  20/20      EV: 13    Int: 11    God:    Wu Jian [****..]
Gold:   885        SH:  5    Dex: 15    Spells: 7/10 levels left

rFire    . . .     SeeInvis .   p - +0 broad axe (freeze)
rCold    . . .     Faith    .   (no shield)
rNeg     + . .     Spirit   .   G - +0 troll leather armour
rPois    ∞         Reflect  +   (no helmet)
rElec    +         Harm     .   (no cloak)
rCorr    +         Rampage  .   (no gloves)
Will     .....                  (no boots)
Stlth    ++........             q - amulet "Keink" {Reflect Regen+ MP+9 Dex+3 SH+5}
HPRegen  2.21/turn              f - +4 ring of protection
MPRegen  0.17/turn              v - ring of resist corrosion

@: serpent's lash
A: sickness immunity, AC +8, negative energy resistance 1, electricity
resistance, torment resistance 1, petrification resistance
a: Renounce Religion, Wall Jump, Serpent's Lash


You were on level 10 of the Dungeon.
You worshipped Wu Jian.
Wu Jian was greatly pleased with you.
You visited 2 branches of the dungeon, and saw 11 of its levels.

You collected 885 gold pieces.

Inventory:

Hand Weapons
 a - a +0 hand axe
 c - a +2 flail of holy wrath
 p - a +0 broad axe of freezing (weapon)
 r - a +2 dagger of venom
 x - a +1 hand axe of electrocution
 z - a +2 short sword of electrocution
 H - a +2 short sword of flaming
 U - a +4 rapier
Missiles
 d - 419 stones
 e - 56 bolts
 h - 160 sling bullets
 j - 147 poisoned darts (quivered)
 l - 10 boomerangs
 J - 10 curare-tipped darts
Armour
 b - a +0 robe
 g - a +0 plate armour
 n - a +0 scale mail
 C - +0 steam dragon scales
 G - a +0 troll leather armour (worn)
 T - a +0 robe of the Archmagi
Jewellery
 f - a +4 ring of protection (left hand)
 q - the amulet "Keink" (around neck) {Reflect Regen+ MP+9 Dex+3 SH+5}
   (You acquired it on level 3 of the Dungeon)

   [amulet of reflection]

   It reflects blocked missile attacks.
   Dex:       It affects your dexterity (+3).
   MP:        It affects your magic capacity (+9).
   Regen:     It increases your rate of health regeneration.
   SH:        It affects your SH (+5).
 v - a ring of resist corrosion (right hand)
 y - a ring of magical power
 F - a ring of fire
Wands
 o - a wand of polymorph (6)
 w - a wand of iceblast (10)
 B - a wand of acid (4)
 K - a wand of flame (36)
 P - a wand of charming (7)
 V - a wand of digging (5)
Scrolls
 s - a scroll of teleportation
 A - 2 scrolls of vulnerability {unknown}
 D - 2 scrolls of enchant weapon {unknown}
 E - 2 scrolls of noise
 I - 2 scrolls of enchant armour
 L - a scroll of amnesia
 M - a scroll of magic mapping {unknown}
 N - a scroll of immolation {unknown}
 O - a scroll of fog {unknown}
 R - a scroll of fear {unknown}
Potions
 i - a potion of brilliance
 k - 2 potions of curing
 m - a potion of cancellation
 t - a potion of flight
 u - 2 potions of lignification
 Q - a potion of attraction
 S - a potion of might


   Skills:
 + Level 9.0 Fighting
 + Level 11.5 Axes
 + Level 2.4 Throwing
 + Level 6.7 Armour
 + Level 4.9 Dodging
 + Level 4.2 Stealth
 + Level 5.0 Shields
 * Level 1.1 Poison Magic
 + Level 0.7 Evocations


You had 7 spell levels left.
You knew the following spells:

 Your Spells              Type           Power      Damage    Failure   Level
a - Mephitic Cloud        Conj/Pois/Air  0%         N/A       71%         3

Your spell library contained the following spells:

 Spells                   Type           Power      Damage    Failure   Level
 Slow                     Hex            0%         N/A       52%         2
 Static Discharge         Conj/Air       0%         N/A       52%         2
 Ignite Poison            Fire/Tmut/Pois 0%         N/A       71%         3
 Confusing Touch          Hex            0%         N/A       77%         3
 Animate Armour           Summ/Erth      0%         N/A       99%         4
 Animate Dead             Necr           0%         N/A       99%         4
 Dispel Undead            Necr           0%         3d6       99%         4
 Sticky Flame             Conj/Fire      0%         2d3       99%         4
 Blade Hands              Tmut           0%         N/A       100%        5
 Bolt of Magma            Conj/Fire/Erth 0%         4d4       100%        5
 Yara's Violent Unravell  Hex/Tmut       0%         3d3       100%        5
 Iron Shot                Conj/Erth      0%         9d1       100%        6
 Starburst                Conj/Fire      0%         6d3       100%        6


Dungeon Overview and Level Annotations

Branches:
Dungeon (10/15)            Temple (1/1) D:5            Lair (0/6) D:8
    Orc (0/2) D:10

Altars:
Cheibriados
Dithmenos
Elyvilon
Fedhas
Gozag
Hepliaklqana
Kikubaaqudgha
Makhleb
Nemelex Xobeh
Okawaru
Qazlal
Ru
Sif Muna
Trog
Uskayaw
Vehumet
Wu Jian
Xom
Yredelemnul
Zin
The Shining One
Beogh

Shops:
D:10 (

Annotations:
D:2 Edmund


Innate Abilities, Weirdness & Mutations

You are immune to sickness and miasma.
Your stone body is resilient. (AC +8)
You are immune to poison.
You resist negative energy. (rN+)
You are resistant to electric shocks. (rElec)
You are resistant to unholy torment.
You are immune to petrification.


Message History

You hit the orc knight but do no damage.
The orc knight is severely wounded.
The orc knight roars a battlecry!
The orcs go into a battle-frenzy!
You hit the orc knight but do no damage.
The orc knight is severely wounded.
The orc knight hits you but does no damage.
You hit the orc knight. You freeze the orc knight.
The orc knight is almost dead.
The orc knight hits you with a +0 battleaxe!
You closely miss the orc knight.
The orc knight is almost dead.
The orc knight hits you but does no damage.
You hit the orc knight but do no damage.
The orc knight is almost dead.
The orc knight hits you with a +0 battleaxe!
* * * LOW HITPOINT WARNING * * *
Aiming: Corrosive Bolt
Press: ? - help, Shift-Dir - straight line, f - orc knight
Aim: an orc knight, wielding a +0 battleaxe and wearing a +0 plate armour (severely wounded, 71% to hit)
The bolt of acid hits the orc knight.
The orc knight is splashed with acid.
The acid corrodes the orc knight!
The orc knight is almost dead.
The bolt of acid hits the orc warrior.
The orc warrior is splashed with acid.
The acid corrodes the orc warrior!
The orc warrior is moderately wounded.
The orc knight closely misses you.
Your muscles tense, ready for explosive movement...
You can no longer summon a storm of heavenly clouds.
You hit the orc knight but do no damage.
The orc knight is almost dead.
The orc knight barely misses you.
You hit the orc knight. You freeze the orc knight.
The orc knight is almost dead.
The orc knight hits you with a +0 battleaxe!
* * * LOW HITPOINT WARNING * * *
You closely miss the orc knight.
The orc knight is almost dead.
The orc knight hits you with a +0 battleaxe!
You die...

..........# #......#..........
...... #...# ##.##..##.....##...
......###..# #..##..##....##....
#.........###..##......#.####..
#.........#..#.......#### #..
#..............#####.## #..
###........###.### #..# ###..
..........## #..# ##.####....
####....## ##@# #.##...... #...##
#o## ####..((..... ##.##
#oo###....()...... #######.#
###....).##.........
........######.....#####..#####..
.........##...###..# ##.# ##.
............<.# #..# #.# #.
.#####........####.# ..# ..
##.........# #.# .#. ..


You could see an orc knight (corroded), an orc warrior (strong, corroded) and an
orc (strong).

Vanquished Creatures
  2 two-headed ogres
  Nergalle (D:10)
  The ghost of zeram the Covert, a novice OpBr of Dithmenos (D:6)
  Pikel (D:9)
  A kobold demonologist (D:6)
  2 komodo dragons
  Psyche (D:9)
  A troll (D:6)
  Prince Ribbit (D:6)
  Sigmund (D:5)
  A vampire (D:7)
  3 vampire mosquitoes (D:10)
  3 steam dragons (D:7)
  Grum (D:9)
  3 water moccasins
  Duvessa (D:5)
  3 sky beasts (D:7)
  A hornet zombie (D:8)
  8 orc warriors
  2 wolves (D:9)
  5 ogres
  2 centaurs
  4 lemures (D:9)
  10 kobold brigands
  5 bullfrogs
  A scorpion (D:6)
  A gnoll sergeant (D:9)
  A wyvern zombie (D:9)
  Dowan (D:5)
  A water moccasin skeleton (D:6)
  6 wights
  3 centaur zombies
  3 howler monkeys
  An iron imp (D:7)
  3 orc priests
  A gnoll shaman (D:8)
  4 iguanas
  Ijyb (D:4)
  Natasha (D:4)
  7 orc wizards
  2 howler monkey zombies (D:9)
  12 gnolls
  6 adders
  2 white imps
  An ufetubus (D:5)
  A worm (D:3)
  3 dart slugs
  36 orcs
  6 ball pythons
  6 endoplasms (D:1)
  2 giant cockroaches
  10 goblins
  10 hobgoblins
  5 jackals
  34 kobolds
  2 quokkas
  5 bats
  2 frilled lizards (D:1)
  4 rats
248 creatures vanquished.

Vanquished Creatures (others)
  A kobold brigand (D:6)
  A demonic plant (D:2)
  117 plants
119 creatures vanquished.

Grand Total: 367 creatures vanquished

Notes
Turn   | Place    | Note
-------+----------+-------------------------------------------
     0 | D:1      | jlumianski the Gargoyle Monk began the quest for the Orb.
     0 | D:1      | Reached XP level 1. HP: 14/14 MP: 1/1
   294 | D:1      | Reached XP level 2. HP: 17/19 MP: 2/2
   323 | D:1      | Reached skill level 3 in Axes
   885 | D:1      | Reached XP level 3. HP: 21/23 MP: 3/3
  1094 | D:2      | Found a blossoming altar of Fedhas.
  1905 | D:2      | Reached XP level 4. HP: 29/29 MP: 4/4
  2201 | D:2      | Found a faded altar of an unknown god.
  2201 | D:2      | Noticed a hell beast
  3209 | D:3      | Found a glowing golden altar of the Shining One.
  3209 | D:3      | Found a glowing silver altar of Zin.
  3211 | D:3      | Found a white marble altar of Elyvilon.
  3227 | D:3      | Identified 2 scrolls of acquirement
  3227 | D:3      | Acquired the amulet "Keink" {Reflect Regen+ MP+9 Dex+3
                  | SH+5}
  3234 | D:3      | Acquired a +0 broad axe of freezing
  3325 | D:3      | Reached skill level 4 in Axes
  3325 | D:3      | Reached XP level 5. HP: 33/33 MP: 5/5
  3393 | D:3      | Found an iron altar of Okawaru.
  3745 | D:4      | Noticed Ijyb
  3754 | D:5      | Entered Level 5 of the Dungeon
  3784 | D:5      | Noticed Dowan
  3784 | D:5      | Noticed Duvessa
  3786 | D:5      | Noticed Sigmund
  3802 | D:4      | Noticed Natasha
  3809 | D:4      | Killed Natasha
  3814 | D:4      | Noticed Edmund
  3815 | D:4      | Killed Ijyb
  3816 | D:4      | Reached skill level 1 in Shields
  3816 | D:4      | Reached XP level 6. HP: 38/38 MP: 6/6
  4177 | D:4      | Got the Tome of Attacks and Black Secrets
  4229 | D:5      | Found a hazy altar of Hepliaklqana.
  4234 | D:5      | Found a shadowy altar of Dithmenos.
  4234 | D:5      | Noticed a shadow
  4247 | D:5      | Found a staircase to the Ecumenical Temple.
  4254 | D:5      | Noticed a water moccasin
  4260 | Temple   | Entered the Ecumenical Temple
  4276 | Temple   | Killed a water moccasin
  4277 | Temple   | Reached skill level 5 in Axes
  4277 | Temple   | Reached skill level 1 in Armour
  4315 | Temple   | Became a worshipper of the Wu Jian Council
  4315 | Temple   | Reached * piety under Wu Jian
  4315 | Temple   | Reached ** piety under Wu Jian
  4345 | D:5      | Killed Duvessa
  4346 | D:5      | Reached XP level 7. HP: 32/44 MP: 7/7
  4350 | D:5      | Killed Dowan
  4375 | D:5      | Killed Sigmund
  4541 | D:5      | You fall into a shaft and drop 2 floors!
  4656 | D:7      | Reached skill level 5 in Fighting
  4656 | D:7      | Reached skill level 6 in Axes
  4656 | D:7      | Reached XP level 8. HP: 49/49 MP: 8/8
  4832 | D:6      | Reached skill level 7 in Axes
  5228 | D:6      | Reached XP level 9. HP: 55/55 MP: 9/9
  5264 | D:6      | Noticed a troll
  5286 | D:6      | Killed a troll
  5287 | D:6      | Reached skill level 1 in Throwing
  5287 | D:6      | Reached skill level 5 in Armour
  5505 | D:6      | Found a runed translucent gate.
  5508 | D:6      | Noticed a kobold demonologist
  5508 | D:6      | Noticed zeram's ghost (novice OpBr)
  5514 | D:6      | Found a runed translucent gate.
  5514 | D:6      | Found a runed translucent gate.
  5639 | D:6      | Noticed Prince Ribbit
  5655 | D:6      | Killed Prince Ribbit
  5839 | D:6      | Identified the +7 short sword of Damp Tenacity {freeze,
                  | rPois rCorr SInv}
  6058 | D:6      | Noticed a rust devil
  6061 | D:6      | Noticed an ice devil
  6063 | D:6      | Killed a kobold demonologist
  6064 | D:6      | Reached skill level 8 in Axes
  6243 | D:6      | Killed zeram's ghost
  6244 | D:6      | Reached skill level 9 in Axes
  6244 | D:6      | Reached XP level 10. HP: 63/63 MP: 10/10
  6345 | D:7      | Found a transporter.
  6355 | D:7      | Found a transporter.
  6360 | D:7      | Noticed a two-headed ogre
  6700 | D:7      | Found a snail-covered altar of Cheibriados.
  6913 | D:7      | Killed a two-headed ogre
  7337 | D:8      | Reached skill level 10 in Axes
  7340 | D:8      | Reached *** piety under Wu Jian
  7355 | D:8      | Noticed a two-headed ogre
  7821 | D:8      | Killed a two-headed ogre
  7822 | D:8      | Reached XP level 11. HP: 34/68 MP: 11/11
  7957 | D:8      | Found a blossoming altar of Fedhas.
  8088 | D:8      | Reached **** piety under Wu Jian
  8093 | D:8      | Found a staircase to the Lair.
  8383 | D:9      | Noticed Psyche
  8503 | D:9      | Killed Psyche
  8574 | D:9      | Reached skill level 11 in Axes
  8718 | D:9      | Noticed Grum
  8785 | D:9      | Noticed Pikel
  8828 | D:9      | Killed Grum
  8830 | D:9      | Killed Pikel
  9246 | D:10     | Entered Level 10 of the Dungeon
  9256 | D:10     | Reached ***** piety under Wu Jian
  9271 | D:10     | Learned a level 3 spell: Mephitic Cloud
  9416 | D:10     | Noticed Nergalle
  9449 | D:10     | Killed Nergalle
  9450 | D:10     | Reached skill level 5 in Shields
  9450 | D:10     | Reached skill level 1 in Poison Magic
  9512 | D:10     | Found a bloodstained altar of Trog.
  9571 | D:10     | Found Vocynafo's Weapon Shoppe.
  9571 | D:10     | Found a staircase to the Orcish Mines.
  9572 | D:10     | Noticed an orc knight
  9667 | D:10     | Slain by an orc knight

Illustrated notes

Levels and vault maps discovered:
D:1:      lightli_arrival_windingriver, layout_rooms, st_stairs_6
D:2:      minmay_general_purpose_star, layout_basic, serial_forest,
          infiniplex_forest_corner_1, infiniplex_forest_clump_cross,
          infiniplex_forest_lined_corner, infiniplex_forest_side_room,
          infiniplex_forest_lined_3_way, infiniplex_forest_3_way,
          infiniplex_forest_lined_3_way, basic_altar,
          dreamdust_ecumenical_altar_sealed_demon
D:3:      layout_rooms, good_gods_temple_1, mainiacjoe_overflow_chevrons
D:4:      corexii_shantytown, layout_basic, hex_large, uniq_edmund,
          uniq_natasha, uniq_ijyb
D:5:      layout_cave_pools, riverfiend_overflow_shadow_ancestor,
          minmay_temple_entry_sparse_star, minmay_misc_feat_chi, uniq_duvessa,
          uniq_sigmund
D:6:      layout_loops_cross, gammafunk_ghost_nasty_kobolds, uniq_prince_ribbit1
D:7:      gammafunk_beogh_shrine, layout_cave_pools, chei_slow_surprise,
          nrook_campfire, hangedman_misty_isle
D:8:      layout_basic, mainiacjoe_overflow_catwalk, david_lair_shrubbed,
          special_room [special_room_orc]
D:9:      kennysheep_kobold_camp, layout_loops_ring, hangedman_decor_growths,
          uniq_psyche, uniq_grum, uniq_pikel
D:10:     layout_layer_cave, trog_three_pillars_becter, orc_david_3,
          minmay_increasing_density, uniq_urug, uniq_snorg, uniq_nergalle
Temple:   cyrus_circular_temple

Skill      XL: |  1  2  3  4  5  6  7  8  9 10 11 |
---------------+----------------------------------+-----
Axes           | 3 4 5 6 7 9 10 11 | 11.5
Stealth        | 3 4 |  4.2
Fighting       | 4 5 7 8 9 |  9.0
Shields        | 1 2 3 4 5 |  5.0
Armour         | 2 3 4 5 6 |  6.7
Dodging        | 3 4 |  4.9
Throwing       | 2 |  2.4
Poison Magic   | 1 |  1.1
Evocations     | |  0.7

Action                   |  1- 3 |  4- 6 |  7- 9 | 10-12 || total
-------------------------+-------+-------+-------+-------++-------
Melee: Hand axe          |   112 |    49 |       |       ||   161
       Broad axe         |       |    88 |   170 |   524 ||   782
       Unarmed           |       |       |       |     4 ||     4
Throw: Dart              |     3 |     9 |    19 |    18 ||    49
       Boomerang         |       |     1 |       |       ||     1
Invok: Lunge             |       |       |    16 |    33 ||    49
       Whirlwind         |       |       |    12 |    48 ||    60
       Serpent's Lash    |       |       |       |     1 ||     1
 Abil: Wall Jump         |       |       |    16 |    49 ||    65
Evoke: Wand              |       |       |     3 |     8 ||    11
  Use: Scroll            |       |     3 |     3 |     4 ||    10
       Potion            |       |     2 |     1 |     3 ||     6
 Stab: Sleeping          |     2 |     2 |     1 |     2 ||     7
Armor: Robe              |    50 |    13 |       |       ||    63
       Scale mail        |       |    79 |    58 |       ||   137
       Troll leather arm |       |       |    29 |   207 ||   236
Dodge: Dodged            |    73 |    98 |   102 |   289 ||   562
Block: Other             |       |    42 |    28 |   111 ||   181
       Reflection        |       |     2 |     2 |     9 ||    13
